 Dungeon Crawl Stone Soup version 0.28.0-43-g3370ac3207 (webtiles) character file.

Game seed: 11702128702434654629

2722 demenzo the Fighter (level 9, -1/153 HPs)
             Began as an Ogre Berserker on Mar 8, 2022.
             Was a Believer of Trog.
             Slain by Maggie
             ... wielding a +0 halberd of flaming
              (6 damage)
             ... on level 7 of the Dungeon.
             The game lasted 00:09:53 (9073 turns).

demenzo the Fighter (Ogre Berserker)                Turns: 9073, Time: 00:09:54

Health: -1/153     AC: 10    Str: 27    XL:     9   Next: 66%
Magic:  18/18      EV: 10    Int:  8    God:    Trog [**....]
Gold:   192        SH:  0    Dex:  8    Spells: 8/8 levels left

rFire   . . .      SeeInvis .   a - +1 mace (protect)
rCold   . . .      Faith    .   (no shield)
rNeg    . . .      Spirit   .   b - +0 animal skin
rPois   +          Reflect  .   (helmet restricted)
rElec   .          Harm     .   (no cloak)
rCorr   .          Rampage  .   (gloves unavailable)
Will    ++...                   (boots unavailable)
Stlth   ..........              (no amulet)
HPRegen 1.35/turn               J - ring of poison resistance
MPRegen 0.16/turn               K - ring of magical power

@: berserking, strong-willed (expiring), under a protective aura, regenerating
(expiring), very quick
A: large, unfitting armour, tough skin 1
a: Renounce Religion, Berserk, Trog's Hand


You were on level 7 of the Dungeon.
You worshipped Trog.
Trog was pleased with you.
You visited 1 branch of the dungeon, and saw 7 of its levels.

You collected 192 gold pieces.

Inventory:

Hand Weapons
 a - a +1 mace of protection (weapon)
 j - a +0 hunting sling
 o - a +0 flail of holy wrath
 w - a +0 giant club
 L - a +1 vorpal flail
Missiles
 g - 84 stones (quivered)
 t - 41 sling bullets
 y - 39 bolts
 z - 57 arrows
 M - 2 boomerangs
Armour
 b - a +0 animal skin (worn)
 H - a +0 hat
Jewellery
 J - a ring of poison resistance (left hand)
 K - a ring of magical power (right hand)
Wands
 u - a wand of polymorph (3)
 E - a wand of flame (18)
Scrolls
 h - a scroll of summoning {unknown}
 i - a scroll of blinking {unknown}
 l - 2 scrolls of identify {unknown}
 m - a scroll of fog {unknown}
 r - a scroll of teleportation {unknown}
 s - a scroll of amnesia {unknown}
 B - 2 scrolls of immolation {unknown}
 C - a scroll of holy word {unknown}
 I - a scroll of enchant armour {unknown}
Potions
 c - a potion of haste {unknown}
 d - a potion of lignification {unknown}
 e - a potion of attraction {unknown}
 f - 2 potions of flight {unknown}
 k - 5 potions of heal wounds {unknown}
 p - 2 potions of invisibility
 x - 3 potions of curing {unknown}
 A - 2 potions of magic {unknown}
 D - a potion of brilliance {unknown}
 F - a potion of cancellation {unknown}


   Skills:
 + Level 10.5 Fighting
 * Level 10.0 Maces & Flails
 - Level 3.0 Dodging


You had 8 spell levels left.
You didn't know any spells.
Your spell library was empty.

Dungeon Overview and Level Annotations

Branches:
Dungeon (7/15)             Temple (0/1) D:5

Altars:
Cheibriados
Elyvilon
Fedhas
Sif Muna

Annotations:
D:4 2 transporters, tizbic2's ghost, amateur NaBe
D:7 Maggie


Innate Abilities, Weirdness & Mutations

You are too large for most types of armour.
You have tough skin. (AC +1)


Message History

You feel strong-willed. Maggie gestures at you while chanting.
The bolt of fire hits you!!
Maggie drinks a potion.
Maggie flickers and vanishes!
Deactivating autopickup; reactivate with Ctrl-A.
Something hits you! Something burns you.
Found a white marble altar of Elyvilon.
You hear some strange, mumbled words.
A bolt of fire appears from out of thin air!
The bolt of fire hits you!!
A red film seems to cover your vision as you go berserk!
You feel yourself moving faster!
You feel mighty!
You hear some strange, mumbled words.
You barely miss something. You barely miss something. Something hits you!
Something burns you.
You hit something.
Your weapon exudes an aura of protection.
You hit something. Something hits you. Something burns you.
You thump something! You completely miss something.
You hear some strange, mumbled words.
You thump something! Something hits you!
* * * LOW HITPOINT WARNING * * *
Something burns you.
* * * LOW HITPOINT WARNING * * *
You hit something but do no damage. You hit something. Something hits you!
* * * LOW HITPOINT WARNING * * *
Something burns you.
* * * LOW HITPOINT WARNING * * *
You sock something! You hit something but do no damage.
You hear some strange, mumbled words.
A bolt of fire appears from out of thin air!
The bolt of fire hits you!
* * * LOW HITPOINT WARNING * * *
You hit something.
You feel the effects of Trog's Hand fading.
Something hits you.
You die...

##.###.# #... #.....#
#.#. #.##### #.#. #.#
#.#. #.# #.#. ######.#
#...
..###...##.##########...
_.....♣............##.#.
#.{@#..#######.##.#.
######.# #.##.#.
##.#######.##.#.
#..........##...
#..######.......
#........><..._.
#.#######.###... #.# #.#
#... ..) #.# #.#.


There were no monsters in sight!

Vanquished Creatures
  A hornet (D:4)
  A water moccasin (D:7)
  Duvessa (D:4)
  A black bear (D:6)
  A sky beast (D:6)
  3 ice beasts
  2 orc warriors (D:6)
  An ogre (D:4)
  A centaur (D:6)
  A necrophage (D:6)
  2 phantoms
  2 scorpions
  2 water moccasin zombies
  A water moccasin skeleton (D:4)
  Dowan (D:4)
  A howler monkey (D:5)
  A hound (D:5)
  A bullfrog skeleton (D:6)
  4 orc priests
  A centaur skeleton (D:5)
  2 gnoll shamans
  2 jellies
  2 iguanas
  Ijyb (D:4)
  Terence (D:3)
  7 orc wizards
  A killer bee zombie (D:5)
  Robin (D:3)
  11 gnolls
  7 adders
  A worm (D:4)
  2 dart slugs
  28 orcs
  8 ball pythons
  5 bats
  8 endoplasms
  5 giant cockroaches
  9 goblins
  7 hobgoblins
  4 jackals (D:4)
  5 quokkas
  4 frilled lizards
  6 kobolds
  2 rats (D:3)
158 creatures vanquished.

Vanquished Creatures (others)
  10 plants
10 creatures vanquished.

Grand Total: 168 creatures vanquished

Notes
Turn   | Place    | Note
-------+----------+-------------------------------------------
     0 | D:1      | demenzo the Ogre Berserker began the quest for the Orb.
     0 | D:1      | Reached XP level 1. HP: 24/24 MP: 1/1
    75 | D:1      | Reached XP level 2. HP: 21/32 MP: 2/2
   435 | D:1      | Found a faded altar of an unknown god.
   666 | D:1      | Reached XP level 3. HP: 37/40 MP: 3/3
  1025 | D:2      | Reached ** piety under Trog
  1411 | D:2      | You fall into a shaft and drop 2 floors!
  1620 | D:3      | Noticed Terence
  1745 | D:3      | Killed Terence
  1746 | D:3      | Reached skill level 5 in Fighting
  1746 | D:3      | Reached XP level 4. HP: 50/50 MP: 4/4
  1961 | D:3      | Reached XP level 5. HP: 42/57 MP: 5/5
  2937 | D:3      | Found a snail-covered altar of Cheibriados.
  3133 | D:3      | Reached skill level 5 in Maces & Flails
  3133 | D:3      | Reached XP level 6. HP: 67/67 MP: 6/6
  3313 | D:3      | Noticed Robin
  3324 | D:3      | Killed Robin
  3495 | D:4      | Found a transporter.
  3705 | D:4      | Identified the +2 spear of Compound Interest {venom,
                  | Fragile rC+ rN+ SInv}
  3732 | D:4      | Found a transporter.
  3800 | D:4      | Noticed a hornet
  3806 | D:4      | Killed a hornet
  3807 | D:4      | Reached XP level 7. HP: 76/76 MP: 7/7
  3862 | D:4      | Noticed tizbic2's ghost (amateur NaBe)
  4406 | D:4      | Noticed Duvessa
  4407 | D:4      | Noticed Dowan
  4416 | D:4      | Killed Duvessa
  4737 | D:4      | Killed Dowan
  4939 | D:4      | Reached XP level 8. HP: 88/88 MP: 8/8
  5137 | D:4      | Found a blossoming altar of Fedhas.
  5139 | D:4      | Noticed Ijyb
  5151 | D:4      | Killed Ijyb
  5486 | D:5      | Entered Level 5 of the Dungeon
  6493 | D:5      | Found a staircase to the Ecumenical Temple.
  7032 | D:6      | Reached XP level 9. HP: 98/98 MP: 9/9
  8039 | D:6      | Reached skill level 10 in Fighting
  8829 | D:7      | Found a shimmering blue altar of Sif Muna.
  8904 | D:7      | Reached skill level 10 in Maces & Flails
  9056 | D:7      | Noticed Maggie
  9060 | D:7      | Found a white marble altar of Elyvilon.
  9072 | D:7      | HP: 5/153 [something/bolt of fire (14)]
  9073 | D:7      | Slain by Maggie

Illustrated notes

Levels and vault maps discovered:
D:1:      tarquinn_simple_flora_water_a, layout_rooms,
          shapermc_ecumenical_altar_gd
D:2:      layout_rooms, kennysheep_generic_room_9
D:3:      layout_basic, general_overflow_altar, st_stairs_6,
          grunt_decor_resistance, uniq_robin, uniq_terence
D:4:      layout_loops_ring, nicolae_overflow_hidden_temple,
          gammafunk_ghost_gnarly_gnolls, uniq_ijyb, uniq_duvessa
D:5:      layout_loops_ring, minmay_temple_entry_gardened_gates
D:6:      layout_loops_cross, kennysheep_small_circle
D:7:      layout_loops_ring, elyvilon_altar_1, lightli_temple_of_fire,
          mainiacjoe_overflow_boulevard, uniq_harold, uniq_joseph, uniq_pikel,
          uniq_maggie

Skill      XL: |  1  2  3  4  5  6  7  8  9 |
---------------+----------------------------+-----
Maces & Flails | 3 4 5 6 7 8 10 | 10.0
Dodging        | 3 |  3.0
Fighting       | 5 6 7 9 10 | 10.5

Action                   |  1- 3 |  4- 6 |  7- 9 || total
-------------------------+-------+-------+-------++-------
Melee: Mace              |    99 |    33 |   164 ||   296
       Flail             |     3 |    49 |   148 ||   200
       Morningstar       |       |    42 |       ||    42
       Punch             |       |     1 |     3 ||     4
       Unarmed           |       |     2 |       ||     2
Throw: Stone             |       |     5 |       ||     5
Invok: Berserk           |     1 |     8 |    15 ||    24
       Trog's Hand       |       |     1 |     1 ||     2
 Stab: Sleeping          |       |     1 |     1 ||     2
Armor: Animal skin       |    17 |    38 |    59 ||   114
Dodge: Dodged            |    52 |    65 |   140 ||   257
